 Dungeon Crawl Stone Soup version 0.19.1 (webtiles) character file.

687 ChaseSP the Cleaver (level 7, 0/52 HPs)
             Began as a Formicid Fighter on Nov 27, 2016.
             Slain by a worm (4 damage)
             ... on level 4 of the Dungeon.
             The game lasted 00:03:41 (2881 turns).

ChaseSP the Cleaver (Formicid Fighter)              Turns: 2881, Time: 00:03:42

Health: 0/52       AC: 11    Str: 22    XL:     7   Next: 94%
Magic:  7/7        EV:  6    Int:  8    God:
Gold:   143        SH:  9    Dex: 10    Spells: 0 memorised, 6 levels left

rFire  . . .     SeeInvis +     a - +0 war axe
rCold  . . .     Gourm    .     v - +1 chain mail
rNeg   . . .     Faith    .     c - +0 shield
rPois  +         Spirit   .     (helmet unavailable)
rElec  .         Reflect  .     d - +0 cloak {rPois}
rCorr  .         Harm     .     (no gloves)
MR     .....                    (no boots)
Stlth  ..........               (no amulet)
                                (no ring)
                                h - +4 ring of slaying

@: no status effects
A: permanent stasis, dig shafts and tunnels, four strong arms, antennae 3
a: Dig, Shaft Self


You were on level 4 of the Dungeon.
You were not hungry.

You visited 1 branch of the dungeon, and saw 4 of its levels.

You collected 143 gold pieces.

Inventory:

Hand Weapons
 a - a +0 war axe (weapon)
 u - a +0 morningstar of protection
Armour
 b - a +0 scale mail
 c - a +0 shield (worn)
 d - a +0 cloak of poison resistance (worn)
 l - a +0 scale mail of positive energy
 v - a +1 chain mail (worn)
Jewellery
 h - a +4 ring of slaying (left hand)
 t - an uncursed ring of positive energy {unknown}
Wands
 E - a wand of random effects (26/48)
Scrolls
 e - 2 scrolls of remove curse
 g - 2 scrolls of teleportation
 o - a scroll of magic mapping {unknown}
 r - a scroll of enchant weapon {unknown}
 s - 2 scrolls of enchant armour
 y - a scroll of blinking {unknown}
 A - a scroll of identify {unknown}
Potions
 i - a potion of brilliance {unknown}
 j - a potion of heal wounds {unknown}
 k - a potion of haste {unknown}
 m - 2 potions of flight {unknown}
 p - 2 potions of curing {unknown}
 q - a potion of cancellation {unknown}
 x - 3 potions of agility {unknown}
 z - a potion of lignification {unknown}
 D - a potion of degeneration {unknown}
Books
 w - a book of Callings

   Spells                             Type                      Level
   a - Summon Small Mammal            Summoning                    1
   b - Call Imp                       Summoning                    2
   c - Call Canine Familiar           Summoning                    3
   d - Summon Guardian Golem          Hexes/Summoning              3
   e - Summon Lightning Spire         Summoning/Air                4
   f - Summon Ice Beast               Ice/Summoning                4
Comestibles
 f - 3 bread rations
 n - a meat ration
 C - 3 fruits


   Skills:
 - Level 3.2 Fighting
 + Level 8.4 Axes
 - Level 3.2 Armour
 - Level 3.6 Shields


You had 6 spell levels left.
You didn't know any spells.

Dungeon Overview and Level Annotations

Branches:
Dungeon (4/15)
 Temple: D:4-7

Altars:
Fedhas
Gozag
Kikubaaqudgha
Xom


Innate Abilities, Weirdness & Mutations

You are under a permanent stasis effect.
You can dig through walls and to a lower floor.
Your four strong arms can wield two-handed weapons with a shield.
You have a pair of large antennae on your head. (SInv)


Message History

Unknown command.
You hit the orc priest.
The orc priest is severely wounded.
You hit the worm. You hit the orc.
The orc priest hits you with a hand axe.
* * * LOW HITPOINT WARNING * * *
The orc hits you but does no damage.
You hit the orc priest but do no damage.
The orc priest is severely wounded.
You hit the worm. You hit the orc.
You kill the orc!
The orc priest hits you but does no damage.
You block the worm's attack.
The orc priest invokes the aid of Beogh against you.
Beogh smites you!
* * * LOW HITPOINT WARNING * * *
You slash the orc priest!
You kill the orc priest!
You hit the worm. The worm bites you.
You die...

...........................(..
..............................
#.............................
#.......<...................
#.........................#
#.............(...........#######
#............%..................#
#...............w...............#
#...............@)..............#
#...............))...............
...................)...#..##
......................#....
...................#.#....
....................#...<
...................#.#..
####.#...........#.....#
#.#..................


You could see a worm.

Vanquished Creatures
  Sigmund (D:2)
  An ogre (D:4)
  The ghost of executioneer the Ducker, an amateur FeFi (D:3)
  A howler monkey (D:4)
  A hound (D:4)
  Crazy Yiuf (D:3)
  An orc priest (D:4)
  An orc wizard (D:3)
  4 worker ants (D:4)
  Robin (D:3)
  A gnoll (D:1)
  An adder (D:2)
  2 oozes
  2 worms
  2 dart slugs (D:1)
  10 orcs
  3 giant cockroaches
  7 hobgoblins
  8 kobolds
  3 quokkas
  7 bats
  5 frilled lizards
  12 goblins
  3 rats
79 creatures vanquished.

Notes
Turn   | Place    | Note
-------+----------+-------------------------------------------
     0 | D:1      | ChaseSP the Formicid Fighter began the quest for the Orb.
     0 | D:1      | Reached XP level 1. HP: 18/18 MP: 1/1
    89 | D:1      | Reached XP level 2. HP: 24/24 MP: 2/2
   217 | D:1      | Reached skill level 3 in Axes
   470 | D:1      | Reached XP level 3. HP: 18/29 MP: 3/3
   768 | D:2      | Noticed Sigmund
   780 | D:2      | Killed Sigmund
   780 | D:2      | Reached skill level 5 in Axes
   780 | D:2      | Reached XP level 4. HP: 12/35 MP: 4/4
   780 | D:2      | Reached XP level 5. HP: 14/41 MP: 5/5
   780 | D:2      | Reached XP level 6. HP: 16/47 MP: 6/6
  1066 | D:2      | Found an opulent altar of Gozag.
  1141 | D:2      | Found a blossoming altar of Fedhas.
  1172 | D:2      | Reached skill level 6 in Axes
  1603 | D:3      | Noticed executioneer's ghost (amateur FeFi)
  1625 | D:3      | Killed executioneer's ghost
  1749 | D:3      | Noticed Robin
  1787 | D:3      | Killed Robin
  2026 | D:3      | Found a shimmering altar of Xom.
  2095 | D:3      | Reached XP level 7. HP: 52/52 MP: 7/7
  2178 | D:3      | Found a faded altar of an unknown god.
  2178 | D:3      | Found a faded altar of an unknown god.
  2183 | D:3      | Found a faded altar of an unknown god.
  2185 | D:3      | Found a faded altar of an unknown god.
  2187 | D:3      | Found an ancient bone altar of Kikubaaqudgha.
  2334 | D:3      | Found a runed door.
  2426 | D:3      | Noticed Crazy Yiuf
  2433 | D:3      | Killed Crazy Yiuf
  2433 | D:3      | Reached skill level 7 in Axes
  2649 | D:4      | Reached skill level 8 in Axes
  2881 | D:4      | Slain by a worm

Skill      XL: |  1  2  3  4  5  6  7 |
---------------+----------------------+-----
Axes           | 3 5 6 8 |  8.4
Fighting       | |  3.2
Armour         | |  3.2
Shields        | |  3.6

Action                   |  1- 3 |  4- 6 |  7- 9 || total
-------------------------+-------+-------+-------++-------
Melee: War axe           |    40 |   132 |    56 ||   228
 Abil: Dig               |       |     1 |       ||     1
  Use: Scroll            |       |     3 |       ||     3
       Potion            |       |     1 |       ||     1
  Eat: Chunk             |       |     4 |     3 ||     7
Armor: Scale mail        |     9 |    13 |       ||    22
       Chain mail        |       |    35 |    15 ||    50
Dodge: Dodged            |     9 |    31 |    12 ||    52
Block: Shield            |    14 |    67 |    30 ||   111
